 Dungeon Crawl Stone Soup version 0.19.1 (webtiles) character file.

560 lorenzova the Magician (level 7, 0/54 HPs)
             Began as a Deep Elf Conjurer on Dec 12, 2016.
             Slain by a worker ant (1 damage)
             ... on level 5 of the Dungeon.
             The game lasted 00:12:54 (6011 turns).

lorenzova the Magician (Deep Elf Conjurer)          Turns: 6011, Time: 00:12:54

Health: 0/54       AC: 23    Str:  5    XL:     7   Next: 9%
Magic:  4/22       EV:  2    Int: 22    God:
Gold:   174        SH:  0    Dex: 15    Spells: 3 memorised, 11 levels left

rFire  + . .     SeeInvis .     (no weapon)
rCold  + . .     Gourm    .     (armour currently unavailable)
rNeg   + + +     Faith    .     (no shield)
rPois  +         Spirit   .     (helmet currently unavailable)
rElec  +         Reflect  .     (cloak currently unavailable)
rCorr  +         Harm     .     (gloves currently unavailable)
MR     .....     NoTele   +     (boots currently unavailable)
Stlth  ++........               (no amulet)
                                (no ring)
                                s - ring of flight

@: lethally poisoned (0 -> -1), tree-form, resistant, very slightly
contaminated, hasted, very quick
A: (horns 0), (iridescent scales 0), high mp 1
a: no special abilities


You were on level 5 of the Dungeon.
You were not hungry.
You were a tree.
You visited 2 branches of the dungeon, and saw 6 of its levels.

You collected 174 gold pieces.

Inventory:

Armour
 a - a +0 robe (melded)
Jewellery
 s - a ring of flight (left branch)
Wands
 m - a wand of lightning (13/15)
Scrolls
 d - 2 scrolls of enchant weapon
 f - a scroll of identify
 g - 2 scrolls of magic mapping
 n - a scroll of immolation {unknown}
 t - a scroll of recharging {unknown}
Potions
 h - a potion of mutation
 j - a potion of curing {unknown}
 k - a potion of agility {unknown}
 l - a potion of magic {unknown}
 o - a potion of might {unknown}
 p - a potion of berserk rage {unknown}
 q - a potion of lignification
 r - a potion of haste
Books
 b - a book of Conjurations

   Spells                             Type                      Level
   a - Magic Dart                     Conjuration                  1
   b - Searing Ray                    Conjuration                  2
   c - Dazzling Spray                 Conjuration/Hexes            3
   d - Fulminant Prism                Conjuration/Hexes            4
   e - Iskenderun's Mystic Blast      Conjuration                  4
   f - Iskenderun's Battlesphere      Conjuration/Charms           5
Comestibles
 c - 3 bread rations


   Skills:
 - Level 2.4 Dodging
 - Level 2.4 Stealth
 * Level 7.8 Spellcasting
 * Level 7.1 Conjurations
 + Level 0.4 Charms


You had 11 spell levels left.
You knew the following spells:

 Your Spells              Type           Power        Failure   Level  Hunger
a - Magic Dart            Conj           ####         1%          1    None
b - Iskenderun's Mystic   Conj           #####...     4%          4    ###....
c - Iskenderun's Battles  Conj/Chrm      ####....     50%         5    #####..


Dungeon Overview and Level Annotations

Branches:
Dungeon (5/15)             Temple (1/1) D:5

Altars:
Ashenzari
Cheibriados
Gozag
Kikubaaqudgha
Makhleb
Nemelex Xobeh
Sif Muna
Uskayaw
Xom
Yredelemnul
Zin
The Shining One

Shops:
D:5 =


Innate Abilities, Weirdness & Mutations

((You have a pair of small horns on your head.))
((You are partially covered in iridescent scales. (AC +2)))
You have an increased reservoir of magic. (+10% MP)


Message History

Confirm with . or Enter, or press ? or * to list all spells.
Aiming: Magic Dart
Press: ? - help, Shift-Dir - straight line, f/p - worker ant
Aim: a worker ant (heavily wounded)
The magic dart hits the worker ant.
The worker ant is severely wounded.
The worker ant bites you but does no damage.
The worker ant bites you.
* * * LOW HITPOINT WARNING * * *
Casting: Magic Dart
Confirm with . or Enter, or press ? or * to list all spells.
You don't know that spell.
It was a potion of haste.
You feel yourself speed up.
* * * LOW HITPOINT WARNING * * *
You feel sick.
The worker ant bites you but does no damage.
It was a potion of resistance.
You feel protected. The worker ant bites you.
You die...

#.......# ######..#
#...... #.##... #####
####.##..#
#.#####.#.###.........
#................##.##
#####a#.#.#########.##
#♣##.## #.. #.#### ...
#.# #[# #.# #.# .. #.#
.[ #.#### . #....##
##. #


You could see a worker ant.

Vanquished Creatures
  The ghost of Paps the Gusty, an amateur TeAE (D:4)
  2 hounds (D:4)
  2 orc priests
  2 bullfrog skeletons (D:4)
  3 worker ants
  3 gnolls (D:5)
  6 adders
  2 oozes
  A worm (D:3)
  3 dart slugs
  6 leopard geckos
  8 orcs
  7 bats
  5 giant cockroaches
  9 goblins
  7 hobgoblins
  8 jackals
  9 kobolds
  4 quokkas
  2 ball pythons (D:1)
  10 frilled lizards
  5 rats
105 creatures vanquished.

Notes
Turn   | Place    | Note
-------+----------+-------------------------------------------
     0 | D:1      | lorenzova the Deep Elf Conjurer began the quest for the Orb.
     0 | D:1      | Reached XP level 1. HP: 10/10 MP: 6/6
    92 | D:1      | Reached XP level 2. HP: 15/15 MP: 1/8
   496 | D:1      | Reached XP level 3. HP: 8/19 MP: 0/10
   861 | D:1      | Reached skill level 5 in Conjurations
  1705 | D:2      | Found a shimmering altar of Xom.
  1748 | D:2      | Reached XP level 4. HP: 24/24 MP: 9/12
  1761 | D:2      | Learned a level 4 spell: Iskenderun's Mystic Blast
  1874 | D:2      | Reached skill level 5 in Spellcasting
  2023 | D:2      | Found a faded altar of an unknown god.
  2896 | D:3      | Found a burning altar of Makhleb.
  2905 | D:3      | Reached XP level 5. HP: 28/28 MP: 9/15
  3387 | D:3      | Found a sparkling altar of Nemelex Xobeh.
  4137 | D:4      | Reached XP level 6. HP: 4/32 MP: 4/17
  5387 | D:4      | Noticed Paps's ghost (amateur TeAE)
  5395 | D:4      | Killed Paps's ghost
  5532 | D:5      | Entered Level 5 of the Dungeon
  5532 | D:5      | Found a staircase to the Ecumenical Temple.
  5537 | Temple   | Entered the Ecumenical Temple
  5758 | D:5      | Found Detub's Jewellery Shoppe.
  5807 | D:5      | Reached XP level 7. HP: 36/36 MP: 7/20
  5862 | D:5      | Learned a level 5 spell: Iskenderun's Battlesphere
  6004 | D:5      | Gained mutation: You have an increased reservoir of magic. (+10% MP) [potion of mutation]
  6004 | D:5      | Gained mutation: You have a pair of small horns on your head. [potion of mutation]
  6004 | D:5      | Gained mutation: You are partially covered in iridescent scales. (AC +2) [potion of mutation]
  6009 | D:5      | HP: 2/54 [worker ant (2)]
  6011 | D:5      | Slain by a worker ant

Skill      XL: |  1  2  3  4  5  6 |
---------------+-------------------+-----
Spellcasting   | 4 5 6 7 |  7.8
Conjurations   | 5 6 7 |  7.1
Dodging        | |  2.4
Stealth        | |  2.4
Charms         | |  0.4

Action                   |  1- 3 |  4- 6 |  7- 9 || total
-------------------------+-------+-------+-------++-------
Melee: Unarmed           |    21 |    27 |       ||    48
 Cast: Magic Dart        |    90 |   141 |    13 ||   244
       Iskenderun's Myst |       |    15 |     4 ||    19
  Use: Scroll            |       |     5 |     1 ||     6
       Potion            |       |       |     4 ||     4
  Eat: Chunk             |     1 |     9 |     2 ||    12
       Pizza             |       |     1 |       ||     1
       Royal jelly       |       |     1 |       ||     1
       Beef jerky        |       |     1 |       ||     1
Armor: Robe              |     9 |     7 |       ||    16
       Skin              |       |       |     6 ||     6
Dodge: Dodged            |    31 |    35 |     3 ||    69
